 Dungeon Crawl Stone Soup version 0.30-a0-862-g1aabd4f9c5 (webtiles) character file.

Game seed: 9474023573580440136

148 dolemite99 the Magician (level 5, -1/35 HPs)
             Began as a Djinni Air Elementalist on Mar 8, 2023.
             Killed by their own static electricity (2 damage)
             ... on level 3 of the Dungeon.
             The game lasted 00:03:44 (2473 turns).

dolemite99 the Magician (Djinni Air Elementalist)   Turns: 2473, Time: 00:03:44

Health: -1/35      AC:  2    Str:  6 (7)  XL:     5   Next: 56%
Gold:   73         EV: 12    Int: 18      God:
                   SH:  0    Dex: 12 (14)

rFire   + + .      SeeInvis .    d - +0 hand axe
rCold   x . .      Faith    .    (no shield)
rNeg    . . .      Spirit   .    a - +0 robe
rPois   ∞          Reflect  .    (no helmet)
rElec   .          Rampage  .    (no cloak)
rCorr   .                        (no gloves)
Will    .....                    (boots unavailable)
Stlth   ++                       (no amulet)
HPRegen 0.25/turn                (no ring)
MPRegen 0.00/turn                (no ring)

@: flying, very slightly contaminated
A: sickness immunity, fire resistance 2, cold vulnerability 1, float, innate
caster, HP casting, extra vitality 1
a: no special abilities


You were on level 3 of the Dungeon.
You visited 1 branch of the dungeon, and saw 3 of its levels.

You collected 73 gold pieces.

Inventory:

Hand Weapons
 d - a +0 hand axe (weapon)
 m - a +0 dagger of speed
Missiles
 k - 6 poisoned darts
Armour
 a - a +0 robe (worn)
 g - a +0 cloak
 j - a +0 buckler
Jewellery
 b - an amulet of magic regeneration
Scrolls
 c - a scroll of fear {unknown}
 e - a scroll of brand weapon {unknown}
 f - a scroll of noise {unknown}
 h - a scroll of enchant weapon {unknown}
 i - a scroll of teleportation {unknown}
 l - a scroll of poison {unknown}


   Skills:
 - Level 2.1 Dodging
 - Level 1.5 Stealth
 + Level 4.5 Spellcasting


You knew the following spells:

 Your Spells              Type           Power      Damage    Failure   Level
a - Shock                 Conj/Air       80%        1d8       2%          1
b - Foxfire               Conj/Fire      80%        2x1d8     2%          1
c - Static Discharge      Conj/Air       40%        2-4/arc   3%          2
d - Airstrike             Air            10%        2d(2-18)  22%         4
e - Swiftness             Air            20%        N/A       6%          3
f - Blink                 Tloc           40%        N/A       3%          2
Your spell library was empty.

Dungeon Overview and Level Annotations

Branches:
Dungeon (3/15)

Altars:


Innate Abilities, Weirdness & Mutations

You are immune to sickness and miasma.
You are immune to poison.
Your flesh is very heat resistant. (rF++)
You are vulnerable to cold. (rC-)
You float through the air rather than walking.
You learn spells naturally, not from books.
Your magical power is your life essence.
You have superior vitality. (+4 MHP)


Message History

You are very lightly contaminated with residual magic.
Nothing appears to happen.
The gnoll closely misses you.
Casting: Static Discharge (safe; 3% risk of failure)
Confirm with . or Enter, or press ? or * to list all spells.
The gnoll is struck by an arc of lightning.
The gnoll is heavily wounded.
You are struck by an arc of lightning.
The lightning grounds out.
The gnoll hits you with a +0 spear.
Casting: Static Discharge (safe; 3% risk of failure)
Confirm with . or Enter, or press ? or * to list all spells.
The gnoll is struck by an arc of lightning.
The gnoll is almost dead.
You are struck by an arc of lightning.
* * * LOW HITPOINT WARNING * * *
The lightning grounds out.
* * * LOW HITPOINT WARNING * * *
The adder misses you. The adder bites you.
* * * LOW HITPOINT WARNING * * *
The gnoll barely misses you.
Casting: Static Discharge (safe; 3% risk of failure)
Confirm with . or Enter, or press ? or * to list all spells.
The adder is struck by an arc of lightning.
The adder is heavily wounded.
You are struck by an arc of lightning.
* * * LOW HITPOINT WARNING * * *
The lightning grounds out.
* * * LOW HITPOINT WARNING * * *
The adder bites you.
* * * LOW HITPOINT WARNING * * *
The gnoll barely misses you.
Casting: Static Discharge (safe; 3% risk of failure)
Confirm with . or Enter, or press ? or * to list all spells.
The adder is struck by an arc of lightning.
The adder is heavily wounded.
You are struck by an arc of lightning.
* * * LOW HITPOINT WARNING * * *
The adder is struck by an arc of lightning.
You kill the adder!
You are struck by an arc of lightning.
You die...

+# ..... .#.##
g... .....
J..######.#...
.gg..........
..#......#..
#.#†........
#S#@......#.
#.g.<.......
###......##.
>..........
....#.#......
......#####.###
.#.#.[ .# #.#..
. # #.. #


You could see a gnoll.

Vanquished Creatures
  Jessica (D:2)
  Terence (D:2)
  Robin (D:2)
  An adder (D:3)
  3 gnolls
  A worm (D:2)
  A dart slug (D:2)
  4 giant cockroaches (D:1)
  14 goblins
  4 hobgoblins
  4 jackals (D:1)
  3 quokkas (D:1)
  5 ball pythons
  4 bats
  A frilled lizard (D:1)
  A kobold (D:2)
  2 rats (D:1)
51 creatures vanquished.

Vanquished Creatures (others)
  42 foxfires
  3 plants (D:1)
45 creatures vanquished.

Grand Total: 96 creatures vanquished

Notes
Turn   | Place    | Note
-------+----------+-------------------------------------------
     0 | D:1      | dolemite99 the Djinni Air Elementalist began the quest for
                  | the Orb.
     0 | D:1      | dolemite99 set off with the following spells memorised:
                  | Shock, Static Discharge, Swiftness, Airstrike.
     0 | D:1      | Reached XP level 1. HP: 15/15 MP: 0/0
    57 | D:1      | Reached XP level 2. HP: 17/21 MP: 0/0
   138 | D:1      | Reached skill level 3 in Spellcasting
   444 | D:1      | Reached XP level 3. HP: 23/25 MP: 0/0
   444 | D:1      | Learned a level 1 spell: Foxfire
   728 | D:2      | Noticed Jessica
   730 | D:2      | Noticed Terence
   734 | D:2      | Killed Jessica
   735 | D:2      | Reached XP level 4. HP: 26/31 MP: 0/0
   763 | D:2      | Killed Terence
   804 | D:1      | Reached skill level 4 in Spellcasting
  1361 | D:2      | Noticed Robin
  1390 | D:2      | Killed Robin
  1391 | D:2      | Reached XP level 5. HP: 31/35 MP: 0/0
  1391 | D:2      | Learned a level 2 spell: Blink
  2473 | D:3      | HP: 1/35 [/static electricity (1)]
  2473 | D:3      | Killed from afar by themself

Illustrated notes

Levels and vault maps discovered:
D:1:      scummos_arrival_checkerplants, layout_rooms, serial_bayou_lagoon_b
D:2:      layout_rooms, chequers_serial_rivers_large_a, uniq_robin,
          uniq_jessica, uniq_terence
D:3:      layout_basic, gammafunk_temple_overflow_wave, serial_shops, shop

Skill      XL: |  1  2  3  4 |
---------------+-------------+-----
Spellcasting   | 3 4 |  4.5
Dodging        | |  2.1
Stealth        | |  1.5

Action                     |  1- 3 |  4- 6 || total
---------------------------+-------+-------++-------
  Melee: Unarmed           |     6 |       ||     6
         Hand axe          |       |     3 ||     3
   Cast: Shock             |    44 |    35 ||    79
         Foxfire           |     7 |    17 ||    24
         Static Discharge  |       |     8 ||     8
    Use: Potion            |       |     4 ||     4
         Scroll            |       |     2 ||     2
 Armour: Robe              |     5 |     9 ||    14
  Dodge: Dodged            |     9 |    35 ||    44

Table legend: (Time is in decaauts)
 A = Elapsed time spent in this place.
 B = Non-inter-level travel time spent in this place.
 C = Inter-level travel time spent in this place.
 D = Time resting spent in this place.
 E = Time spent auto-exploring this place.
 F = Levels seen in this place.
 G = Mean time per level.
                   A        B        C        D        E       F      G
               +--------+--------+--------+--------+--------+-----+--------+
         Total |   2456 |   2411 |     45 |   1211 |    768 |   3 |  818.7 |
       Dungeon |   2456 |   2411 |     45 |   1211 |    768 |   3 |  818.7 |
               +--------+--------+--------+--------+--------+-----+--------+

Top non-repeatable levels by time:
     D:2: 1350 daAuts
     D:1: 1078 daAuts
     D:3: 27 daAuts
